 Dungeon Crawl Stone Soup version 0.29.1-12-g30fa7ad0bf (webtiles) character file.

Game seed: 12600691959518916908

10641 croobank the Covert (level 11, -6/72 (75) HPs)
             Began as an Octopode Transmuter on Jan 1, 2023.
             Was an Initiate of Gozag.
             Mangled by a spectral orc warrior
             ... wielding a +0 hand axe
             ... summoned by Nergalle
              (10 damage)
             ... on level 11 of the Dungeon.
             The game lasted 00:50:21 (15126 turns).

croobank the Covert (Octopode Transmuter)          Turns: 15126, Time: 00:50:22

HP:   -6/72 (75)    AC:  1    Str: 16    XL:     11   Next: 65%
MP:   26/30         EV: 16    Int: 26    God:    Gozag
Gold: 933           SH:  0    Dex: 15    Spells: 10/23 levels left

rFire   . . .      SeeInvis .   J - +3 long sword of the Trees {freeze, Contam +Blink rN+ Stlth+}
rCold   + . .      Faith    .   (no shield)
rNeg    + . .      Spirit   .   (helmet currently unavailable)
rPois   .          Reflect  .   g - amulet of the acrobat
rElec   .          Harm     .   p - +6 ring of strength
rCorr   .          Rampage  .   A - ring of magical power
Will    .....      Archmagi +   a - ring "Hoetacve" {Int+6 Dex+3}
Stlth   ++++++....              y - ring of the Mage {Wiz Archmagi}
HPRegen 0.22/turn               M - ring of protection from cold
MPRegen 0.22/turn               (no ring)
                                (no ring)
                                (no ring)

@: appendages (expiring), gold aura, on blink cooldown, lightly drained
A: tentacle spike 3, almost no armour, amphibious, 8 rings, camouflage 1,
gelatinous body 1, (nimble swimmer 1), tentacles
a: End Transformation, Renounce Religion, Evoke Blink, Potion Petition, Call
Merchant, Bribe Branch


You were on level 11 of the Dungeon.
You worshipped Gozag.
Gozag was pleased with you.
One of your tentacles had grown a beastly spike.
You visited 2 branches of the dungeon, and saw 12 of its levels.

You collected 1510 gold pieces.
You spent 128 gold pieces at shops.
You paid 449 gold pieces to Gozag.

Inventory:

Hand Weapons
 i - a +3 whip of venom
 t - a +2 dagger of venom
 D - a +0 long sword
 F - the +1 spear of the Volcano {vorpal, Int+3}
   (You found it on level 9 of the Dungeon)

   It inflicts extra damage upon your enemies.
   Int:       It affects your intelligence (+3).
 H - a +1 short sword of speed
 J - the +3 long sword of the Trees (weapon) {freeze, Contam +Blink rN+ Stlth+}
   (You took it off a gnoll bouda on level 7 of the Dungeon)

   It freezes those it strikes, dealing additional cold damage.
   It can also slow down cold-blooded creatures.
   rN:        It protects you from negative energy.
   +Blink:    It lets you blink.
   Contam:    It causes magical contamination when unequipped.
   Stlth:     It makes you more stealthy.
 N - a +4 dagger of protection
 R - a +2 halberd
 S - a +5 short sword
 T - a +5 hand axe
 V - a +5 scimitar of flaming
Missiles
 j - 29 poisoned darts
 k - 4 boomerangs (quivered)
Armour
 P - a +2 hat (melded)
Jewellery
 a - the ring "Hoetacve" (on tentacle) {Int+6 Dex+3}
   (You acquired it on level 7 of the Dungeon)

   [ring of intelligence]

   Int:       It affects your intelligence (+6).
   Dex:       It affects your dexterity (+3).
 g - an amulet of the acrobat (around mantle)
 o - a ring of fire
 p - a +6 ring of strength (left tentacle)
 r - a ring of ice
 y - the ring of the Mage (on tentacle) {Wiz Archmagi}
   (You acquired it on level 7 of the Dungeon)

   [ring of wizardry]

   It improves your spell success rate.
   Archmagi:  It increases the power of your magical spells.
 A - a ring of magical power (right tentacle)
 M - a ring of protection from cold (on tentacle)
Wands
 b - a wand of flame (33)
 s - a wand of mindburst (9)
 U - a wand of iceblast (7)
Scrolls
 c - a scroll of fear
 d - a scroll of poison {unknown}
 e - a scroll of identify
 f - a scroll of magic mapping
 l - 2 scrolls of enchant armour
 n - 2 scrolls of immolation
 u - 4 scrolls of teleportation
 G - 2 scrolls of brand weapon {unknown}
 K - a scroll of vulnerability {unknown}
Potions
 h - 2 potions of attraction
 m - 6 potions of curing
 q - 3 potions of brilliance
 v - a potion of ambrosia
 w - 3 potions of flight
 x - 3 potions of magic
 z - a potion of invisibility {unknown}
 B - a potion of haste
 C - 2 potions of berserk rage
 E - a potion of might
 I - 3 potions of mutation {unknown}
 L - a potion of cancellation {unknown}
Miscellaneous
 O - a phantom mirror


   Skills:
 + Level 7.1 Fighting
 * Level 5.6 Long Blades
 + Level 7.3 Dodging
 + Level 9.8 Stealth
 - Level 3.0 Unarmed Combat
 + Level 6.6 Spellcasting
 * Level 2.4 Summonings
 + Level 7.2 Transmutations
 + Level 6.4 Air Magic


You had 10 spell levels left.
You knew the following spells:

 Your Spells              Type           Power      Damage    Failure   Level
a - Beastly Appendage     Tmut           100%       N/A       1%          1
b - Wereblood             Tmut           63%        N/A       1%          2
c - Call Canine Familiar  Summ           32%        N/A       2%          3
d - Mephitic Cloud        Conj/Pois/Air  29%        N/A       3%          3
e - Summon Lightning Spi  Summ/Air       47%        N/A       4%          4

Your spell library contained the following spells:

 Spells                   Type           Power      Damage    Failure   Level
 Spider Form              Tmut/Pois      41%        N/A       1%          3
 Airstrike                Air            29%        2d(5-21)  1%          4
 Apportation              Tloc           26%        N/A       2%          1
 Magic Dart               Conj           52%        1d5       2%          1
 Searing Ray              Conj           26%        2d5       4%          2
 Ice Form                 Ice/Tmut       41%        N/A       6%          4
 Gell's Gravitas          Tloc           13%        N/A       8%          3
 Portal Projectile        Hex/Tloc       26%        N/A       8%          3
 Teleport Other           Tloc           13%        N/A       8%          3
 Alistair's Intoxication  Tmut/Pois      27%        N/A       16%         5
 Lightning Bolt           Conj/Air       19%        1d33      19%         5
 Fulminant Prism          Conj/Hex       6%         3d7       26%         4
 Leda's Liquefaction      Hex/Erth       6%         N/A       26%         4
 Dispersal                Tloc           6%         N/A       98%         6
 Summon Horrible Things   Summ           16%        N/A       100%        8
 Dragon's Call            Summ           16%        N/A       100%        9


Dungeon Overview and Level Annotations

Branches:
Dungeon (11/15)            Temple (1/1) D:5            Lair (0/5) D:11
    Orc (0/2) D:11

Altars:
Ashenzari
Cheibriados
Dithmenos
Elyvilon
Fedhas
Gozag
Hepliaklqana
Kikubaaqudgha
Makhleb
Nemelex Xobeh
Okawaru
Qazlal
Ru
Sif Muna
Trog
Uskayaw
Vehumet
Wu Jian
Xom
Yredelemnul
Zin
The Shining One

Shops:
D:4 [*   D:7 *   D:8 (

Annotations:
D:11 Nergalle


Innate Abilities, Weirdness & Mutations

One of your tentacles has grown a beastly spike.
You cannot wear most types of armour.
You are amphibious.
You can wear up to eight rings at the same time.
Your skin changes colour to match your surroundings (Stealth+).
Your rubbery body absorbs attacks. (AC +1, EV +1)
((You are camouflaged when in or above water. (Stealth+)))
You have tentacles for arms and can constrict up to eight enemies at once.


Message History

Found a ring mail.
Your transformation is almost over.
You feel stable enough to blink again.
The helpless centaur fails to defend itself.
You slash the centaur! You freeze the centaur. Your squeeze misses the centaur.
The centaur is heavily wounded.
The centaur hits you. The centaur kicks you.
You slash the centaur! You freeze the centaur.
You kill the centaur!
The spectral orc warrior hits you with a +0 hand axe!
* * * LOW HITPOINT WARNING * * *
Things that are here:
16 gold pieces; a +0 shortbow Unknown command.
Unknown command.
Okay, then.
You blink.
Okay, then. [a] - 609 gold - might, brilliance, lignification and resistance [b] - 351 gold - heal wounds and magic [c] - 351 gold - heal wounds and magic Purchase which effect?
You feel much better. Magic courses through your body.
The spectral orc warlord hits you with a +1 long sword!
You partially resist.
You feel drained.
Casting: Call Canine Familiar (mildly dangerous; 2% risk of failure)
Confirm with . or Enter, or press ? or * to list all spells.
Okay, then.
Casting: Call Canine Familiar (mildly dangerous; 2% risk of failure)
Confirm with . or Enter, or press ? or * to list all spells.
You feel a surge of power!
An electric hum fills the air.
The spectral orc warlord hits you with a +1 long sword!
* * * LOW HITPOINT WARNING * * *
The spectral orc warlord barely misses you.
The spectral orc warlord attacks as you move away!
The spectral orc warlord hits you with a +1 long sword!
* * * LOW HITPOINT WARNING * * *
The spectral orc warrior attacks as you move away!
The spectral orc warrior hits you with a +0 hand axe!
You die...
Your body crumbles into a pile of gold.

)... .# .. ..o
#######.##....# .Z.
#.......##....#
.o#####.......##....#
ZoZ§§...............#
#§$$§Z..............#
#.§.^....§.#........#
....§...§###........#
..Z.§....# #..=Z@...#
§...~....# #$..Z~.8.....
........§###........####
#..........####.....#
##......... #.##..#
#.........# ..[ ...
#.........# ...##.##
##......~..# #...# ..
.......~~..# ...##. #


You could see a spectral orc warrior (summoned), a spectral orc warlord
(summoned, fast, ally target) and a friendly lightning spire (summoned).

Vanquished Creatures
  Erica (D:11)
  2 two-headed ogres
  Pikel (D:5)
  2 gargoyles (D:10)
  A kobold demonologist (D:11)
  2 wraiths
  3 yaks
  A vampire mosquito (D:7)
  2 orc warriors
  A sky beast (D:7)
  3 black bears
  2 ogres (D:6)
  A centaur (D:11)
  A lemure (D:5)
  A phantom (D:3)
  A kobold brigand (D:6)
  A nameless horror (D:9)
  6 bullfrogs
  3 scorpions
  3 wights
  A jelly (D:6)
  4 killer bees
  3 howler monkeys
  4 hounds
  3 orc priests
  A gnoll bouda (D:7)
  2 iguanas (D:6)
  Jessica (D:2)
  2 orc wizards (D:3)
  Robin (D:3)
  6 gnolls
  8 adders
  3 shadow imps
  2 white imps
  3 worms (D:3)
  4 dart slugs
  19 orcs
  2 bat zombies (D:7)
  3 endoplasms
  3 giant cockroaches
  11 goblins
  11 hobgoblins
  3 jackals (D:3)
  12 kobolds
  3 quokkas
  3 ball pythons
  6 bats
  8 frilled lizards
  5 rats
  2 rat zombies (D:7)
  3 bushes (D:1)
180 creatures vanquished.

Vanquished Creatures (collateral kills)
  4 lindwurms (D:8)
  2 trolls (D:11)
  A wraith (D:10)
  2 wyverns
  2 yaks
  A steam dragon (D:10)
  A water moccasin (D:8)
  2 orc warriors
  2 kobold brigands
  2 bullfrogs
  A scorpion (D:11)
  7 wights
  2 orc priests
  An orc wizard (D:8)
  6 orcs
  A ball python (D:4)
  7 kobolds
44 creatures vanquished.

Vanquished Creatures (others)
  3 fungi (D:11)
  4 plants
7 creatures vanquished.

Grand Total: 231 creatures vanquished

Notes
Turn   | Place    | Note
-------+----------+-------------------------------------------
     0 | D:1      | croobank the Octopode Transmuter began the quest for the
                  | Orb.
     0 | D:1      | Reached XP level 1. HP: 13/13 MP: 3/3
   694 | D:1      | Reached XP level 2. HP: 18/18 MP: 3/5
   817 | D:1      | Learned a level 2 spell: Wereblood
  1368 | D:1      | Reached skill level 1 in Stealth
  1454 | D:1      | Reached XP level 3. HP: 22/23 MP: 2/6
  1747 | D:2      | Noticed Jessica
  1770 | D:2      | Killed Jessica
  1771 | D:2      | Reached XP level 4. HP: 8/29 MP: 7/7
  2597 | D:3      | Noticed a phantom
  2597 | D:3      | You fall into a shaft and drop 3 floors!
  2648 | D:6      | Noticed a kobold brigand
  2669 | D:6      | Killed a kobold brigand
  2670 | D:6      | Reached skill level 2 in Stealth
  2670 | D:6      | Reached XP level 5. HP: 31/34 MP: 5/9
  2721 | D:6      | Noticed an ogre
  2731 | D:6      | Killed an ogre
  2732 | D:6      | Reached skill level 3 in Stealth
  2732 | D:6      | Reached XP level 6. HP: 41/41 MP: 7/10
  2776 | D:5      | Entered Level 5 of the Dungeon
  2806 | D:4      | Found a shimmering altar of Xom.
  3057 | D:4      | Found Jontosm's Assorted Antiques.
  3073 | D:4      | Bought a scroll labelled RIUGGIU DIEGONLA for 28 gold
                  | pieces
  3609 | D:3      | Reached skill level 4 in Stealth
  3609 | D:3      | Reached XP level 7. HP: 15/46 MP: 6/12
  4184 | D:3      | Found an iron altar of Okawaru.
  4187 | D:3      | Noticed Robin
  4192 | D:3      | Killed Robin
  5640 | D:4      | Found Qalasom's Armour Shoppe.
  5825 | D:4      | Found an ornate altar of the Wu Jian Council.
  6257 | D:5      | Found a hide-covered altar of Uskayaw.
  6425 | D:5      | Noticed Pikel
  6440 | D:5      | Killed Pikel
  6441 | D:5      | Reached skill level 5 in Stealth
  6441 | D:5      | Reached XP level 8. HP: 39/54 MP: 11/14
  6637 | D:5      | Found a staircase to the Ecumenical Temple.
  6646 | Temple   | Entered the Ecumenical Temple
  6690 | Temple   | Became a worshipper of Gozag Ym Sagoz the Greedy
  7069 | D:6      | Reached skill level 6 in Stealth
  7275 | D:6      | Found a shadowy altar of Dithmenos.
  7356 | D:6      | Reached skill level 5 in Dodging
  7356 | D:6      | Reached skill level 5 in Transmutations
  7579 | D:6      | Reached XP level 9. HP: 39/60 MP: 14/16
  7593 | D:6      | Found a bloodstained altar of Trog.
  7653 | D:6      | Reached skill level 5 in Fighting
  7653 | D:6      | Reached skill level 5 in Spellcasting
  7695 | D:6      | Reached skill level 7 in Stealth
  8778 | D:7      | Noticed a two-headed ogre
  8797 | D:7      | Killed a two-headed ogre
  9200 | D:7      | Found an ancient bone altar of Kikubaaqudgha.
  9454 | D:7      | Identified the +3 long sword of the Trees {freeze, Contam
                  | +Blink rN+ Stlth+}
  9576 | D:7      | Found Seogic's Assorted Antiques.
  9583 | D:7      | Bought a scroll of identify for 50 gold pieces
  9583 | D:7      | Bought a scroll labelled YRRAID PIMI for 25 gold pieces
  9583 | D:7      | Bought a scroll labelled YSAUTW LECKORY for 25 gold pieces
  9590 | D:7      | Identified 2 scrolls of acquirement
  9590 | D:7      | Acquired the ring "Hoetacve" {Int+6 Dex+3}
  9975 | D:7      | Acquired the ring of the Mage {Wiz Archmagi}
  9975 | D:7      | Found the ring of the Mage {Wiz Archmagi}
  9982 | D:7      | Learned a level 4 spell: Summon Lightning Spire
 10038 | D:8      | Noticed a two-headed ogre
 10091 | D:8      | Reached skill level 8 in Stealth
 10092 | D:8      | Killed a two-headed ogre
 10093 | D:8      | Reached XP level 10. HP: 17/68 MP: 4/18
 10456 | D:8      | Noticed a lindwurm
 10456 | D:8      | Noticed a lindwurm
 10458 | D:8      | Noticed a lindwurm
 10465 | D:8      | Killed a lindwurm
 10469 | D:8      | Noticed a lindwurm
 10475 | D:8      | Killed a lindwurm
 10540 | D:8      | Killed a lindwurm
 10541 | D:8      | Reached skill level 5 in Air Magic
 10543 | D:8      | Killed a lindwurm
 10825 | D:8      | Got the Atlas of Called Pestilence
 10851 | D:8      | Identified the +1 robe "Igezolub" {Will+ Int+2}
 10891 | D:9      | Reached skill level 9 in Stealth
 11387 | D:8      | Found Qoutab's Antique Weapon Boutique.
 11494 | D:8      | Reached XP level 11. HP: 58/73 MP: 20/20
 11703 | D:9      | Identified the +1 spear of the Volcano {vorpal, Int+3}
 12992 | D:10     | Entered Level 10 of the Dungeon
 13180 | D:10     | Learned a level 3 spell: Call Canine Familiar
 13184 | D:10     | Learned a level 3 spell: Mephitic Cloud
 13895 | D:10     | Found a white marble altar of Elyvilon.
 13896 | D:10     | Found a glowing silver altar of Zin.
 13896 | D:10     | Found a basalt altar of Yredelemnul.
 13913 | D:10     | Found a sparkling altar of Nemelex Xobeh.
 13914 | D:10     | Found a stormy altar of Qazlal.
 13977 | D:10     | Found a snail-covered altar of Cheibriados.
 14161 | D:10     | Found a hazy altar of Hepliaklqana.
 14193 | D:10     | Reached skill level 5 in Long Blades
 14193 | D:10     | Reached skill level 1 in Summonings
 14792 | D:11     | Noticed Erica
 14796 | D:11     | Found a staircase to the Orcish Mines.
 14803 | D:11     | Killed Erica
 14945 | D:11     | Found a staircase to the Lair.
 15085 | D:11     | Noticed Nergalle
 15112 | D:11     | Noticed a spectral orc warlord
 15113 | D:11     | HP: 2/72 [spectral orc knight/+2 war axe[Nergalle] (2)]
 15126 | D:11     | Mangled by a spectral orc warrior

Illustrated notes

Levels and vault maps discovered:
D:1:      matt_arrival_los_fun, layout_loops_ring, serial_forest,
          infiniplex_forest_clump_curved, infiniplex_forest_end_3,
          infiniplex_forest_clump_tiny, infiniplex_forest_3_way,
          infiniplex_forest_clump_long, infiniplex_forest_clump_C,
          infiniplex_forest_clump_long, infiniplex_forest_lined_3,
          infiniplex_forest_zigzag_2
D:2:      layout_rooms, chequers_serial_rivers_small_3, uniq_jessica
D:3:      layout_basic, okawaru_metal_pillars_3, uniq_robin
D:4:      layout_basic, nicolae_overflow_hidden_temple, kennysheep_mini_moat,
          serial_shops, shop_statue, shop
D:5:      layout_loops_ring, nicolae_uskayaw_dance_hall,
          minmay_temple_entry_poolview, uniq_pikel
D:6:      layout_gridville, lemuel_coloured_pillars_altar, trog_ov_bears_minmay
D:7:      minmay_opposing_rooms, layout_basic,
          lemuel_zombie_altar_kikubaaqudgha, serial_shops,
          nicolae_shop_statue_plus
D:8:      layout_rooms, serial_shops, shop, minmay_lindwurm_lava
D:9:      layout_roguey, enter_bailey_2
D:10:     layout_long_grid, mainiacjoe_overflow_24_doors,
          grunt_temple_overflow_open, corexii_checkpoint_a, minivault_5,
          kennysheep_generic_room_11
D:11:     statuecave_lemuel, layout_basic, grunt_lair_entry_orc_guard_hut,
          orc_0_dummy, nicolae_trove_entry_free_sample, gauntlet_entry_generic,
          uniq_nergalle, uniq_erica
Temple:   nicolae_temple_bog_church

Skill      XL: |  1  2  3  4  5  6  7  8  9 10 11 |
---------------+----------------------------------+-----
Stealth        | 1 2 3 4 5 6 8 9 |  9.8
Fighting       | 2 3 4 6 7 |  7.1
Transmutations | 3 4 5 6 7 |  7.2
Dodging        | 3 4 5 6 7 |  7.3
Spellcasting   | 3 4 5 6 |  6.6
Air Magic      | 4 5 6 |  6.4
Long Blades    | 2 4 5 |  5.6
Summonings     | 2 |  2.4
Unarmed Combat | |  3.0

Action                   |  1- 3 |  4- 6 |  7- 9 | 10-12 || total
-------------------------+-------+-------+-------+-------++-------
Melee: Unarmed           |   219 |       |       |       ||   219
       Tentacles         |   105 |    10 |    36 |    24 ||   175
       Punch             |    18 |     1 |     5 |     2 ||    26
       Kick              |    21 |    14 |    75 |    18 ||   128
       Constrict         |    14 |    11 |    43 |    13 ||    81
       Hand axe          |    14 |       |       |       ||    14
       Whip              |   118 |    59 |   108 |       ||   285
       Dagger            |       |       |    72 |       ||    72
       Long sword        |       |       |     2 |   111 ||   113
Throw: Dart              |       |    15 |    63 |     5 ||    83
       Throwing net      |       |       |       |     2 ||     2
       Boomerang         |       |       |       |     2 ||     2
 Cast: Beastly Appendage |    17 |    15 |    41 |    12 ||    85
       Wereblood         |    13 |    17 |    39 |    13 ||    82
       Summon Lightning  |       |       |     8 |    37 ||    45
       Call Canine Famil |       |       |       |     8 ||     8
Invok: Potion Petition   |       |       |       |     1 ||     1
 Abil: Evoke Blink       |       |       |       |     2 ||     2
Evoke: Wand              |       |       |     6 |       ||     6
  Use: Potion            |     2 |     3 |     5 |     4 ||    14
       Scroll            |       |    13 |    13 |     4 ||    30
 Stab: Sleeping          |     1 |     1 |     7 |     5 ||    14
       Distracted        |       |       |     1 |     3 ||     4
Armor: Skin              |    19 |     4 |     6 |     7 ||    36
Dodge: Dodged            |    35 |    45 |   156 |   128 ||   364
